 Dungeon Crawl Stone Soup version 0.26.1-2-gb8aa6d0cf2 (webtiles) character file.

Game seed: 1202315120591257109

3001 nightchill the Cleaver (level 9, -15/80 HPs)
             Began as a Ghoul Gladiator on Mar 2, 2021.
             Was a Priest of Okawaru.
             Demolished by an orc warrior
             ... wielding a +0 halberd
              (22 damage)
             ... on level 7 of the Dungeon.
             The game lasted 00:13:43 (6699 turns).

nightchill the Cleaver (Ghoul Gladiator)            Turns: 6699, Time: 00:13:43

Health: -15/80     AC: 12    Str: 20    XL:     9   Next: 84%
Magic:  13/13      EV:  6    Int: 10    God:    Okawaru [***...]
Gold:   248        SH:  0    Dex: 10    Spells: 8/8 levels left

rFire    . . .     SeeInvis .   a - +1 war axe
rCold    + . .     Faith    .   (no shield)
rNeg     + + +     Spirit   .   t - +0 plate armour
rPois    ∞         Reflect  .   c - +0 helmet
rElec    .         Harm     .   (no cloak)
rCorr    .         Rampage  .   B - +0 pair of gloves
Will     +....                  (no boots)
Stlth    ..........             (no amulet)
HPRegen  0.00/turn              C - +6 ring of intelligence (curse)
MPRegen  0.13/turn              r - ring of willpower

@: no status effects
A: claws 1, cold resistance 1, negative energy resistance 3, inhibited
regeneration, torment resistance, unbreathing
a: Renounce Religion, Heroism


You were on level 7 of the Dungeon.
You worshipped Okawaru.
Okawaru was most pleased with you.
You visited 1 branch of the dungeon, and saw 7 of its levels.
You also visited: Sewer.

You collected 248 gold pieces.

Inventory:

Hand Weapons
 a - a +1 war axe (weapon)
 A - a +0 hand axe of flaming
Missiles
 d - 4 throwing nets (quivered)
 e - 210 stones
 p - 57 poisoned darts
 F - 7 silver javelins
Armour
 c - a +0 helmet (worn)
 q - a cursed +0 buckler
 t - a +0 plate armour (worn)
 B - a +0 pair of gloves (worn)
Jewellery
 g - an uncursed ring of ice
 r - a ring of willpower (right hand)
 w - an uncursed ring of magical power
 C - a cursed +6 ring of intelligence (left hand)
 E - an uncursed ring of willpower
Wands
 b - a wand of flame (10)
Scrolls
 h - 2 scrolls of blinking
 i - a scroll of amnesia {unknown}
 k - a scroll of random uselessness {unknown}
 l - 4 scrolls of teleportation
 o - 2 scrolls of enchant weapon
 v - a scroll of immolation {unknown}
 x - a scroll of noise {unknown}
 y - a scroll of remove curse
 D - 2 scrolls of identify
Potions
 f - 4 potions of attraction {unknown}
 j - a potion of might {unknown}
 m - a potion of brilliance {unknown}
 n - 2 potions of degeneration {unknown}
 s - a potion of cancellation {unknown}
 u - 3 potions of curing
 z - a potion of heal wounds


   Skills:
 + Level 7.6 Fighting
 * Level 9.2 Axes
 - Level 1.7 Throwing
 - Level 2.6 Dodging
 + Level 6.9 Invocations


You had 8 spell levels left.
You didn't know any spells.
Your spell library was empty.

Dungeon Overview and Level Annotations

Branches:
Dungeon (7/15)             Temple (0/1) D:4           Sewer (visited)

Altars:
Gozag
Nemelex Xobeh
Okawaru
Xom
Zin

Shops:
D:6 *


Innate Abilities, Weirdness & Mutations

You thrive by killing the living.
You are immune to poison.
You have sharp fingernails.
Your flesh is cold resistant. (rC+)
You are immune to negative energy. (rN+++)
You do not regenerate when monsters are visible.
You are immune to unholy pain and torment.
You can survive without breathing.


Message History

Press: ? - help, v - describe, . - travel
Here: an orc warrior, wielding a +0 halberd and wearing a +0 plate armour (severely wounded)
The floor.
Unknown command.
Throw: 5 throwing nets
Press: ? - help, Q - select action, (/) - cycle Shift-Dir - straight line, f - orc warrior
Aim: an orc warrior, wielding a +0 halberd and wearing a +0 plate armour (severely wounded, 57% to hit)
You throw a throwing net.
The throwing net barely misses the orc warrior.
The orc warrior barely misses you.
Aiming: Throw Flame
Press: ? - help, Shift-Dir - straight line, f/p - orc warrior
Aim: an orc warrior, wielding a +0 halberd and wearing a +0 plate armour (severely wounded, 32% to evade)
The puff of flame hits the orc warrior.
The orc warrior is severely wounded.
The orc warrior hits you but does no damage.
You hit the orc warrior but do no damage.
The orc warrior is severely wounded.
The orc warrior hits you with a +0 halberd!!
You die...

#. #####.
########
#(....
#......#
#...!.###
#...>..#
.......#
#......#
.....#
#..)...#
#o).#
#..)<..#
#.###)@#
##..))..#
#.?....#
#.......#
######.#
#.##.#.##
#.###.##.#.#
#........#.#
#####........
#...##..#
#.......#
#....#..


You could see an orc warrior.

Vanquished Creatures
  Pikel (D:6)
  Maggie (D:6)
  Sigmund (D:4)
  Eustachio (D:4)
  2 orc warriors
  A sky beast (D:5)
  4 ogres
  A centaur (D:6)
  Blork the orc (D:4)
  3 bullfrogs
  A water moccasin zombie (D:5)
  2 scorpions
  3 wights (D:6)
  3 hounds (D:6)
  3 orc priests
  2 worker ants (D:6)
  2 orc wizards
  3 gnolls (D:6)
  A howler monkey skeleton (D:5)
  14 adders
  A river rat (D:3)
  14 oozes
  2 adder skeletons
  4 worms
  A dart slug (D:4)
  15 leopard geckos
  9 orcs
  8 ball pythons
  10 bats
  13 giant cockroaches
  5 goblins
  7 hobgoblins
  10 jackals
  5 quokkas
  23 frilled lizards
  6 kobolds
  6 rats
189 creatures vanquished.

Notes
Turn   | Place    | Note
-------+----------+-------------------------------------------
     0 | D:1      | nightchill the Ghoul Gladiator began the quest for the Orb.
     0 | D:1      | Reached XP level 1. HP: 17/17 MP: 0/0
   173 | D:1      | Reached skill level 3 in Axes
   268 | D:1      | Reached XP level 2. HP: 25/25 MP: 1/1
   599 | D:1      | Reached XP level 3. HP: 29/30 MP: 2/2
  1086 | D:2      | Found an iron altar of Okawaru.
  1108 | D:2      | Became a worshipper of Warmaster Okawaru
  1188 | D:2      | Reached XP level 4. HP: 36/38 MP: 3/3
  1322 | D:2      | Noticed an ogre
  1336 | D:2      | Killed an ogre
  1337 | D:2      | Reached skill level 4 in Axes
  1337 | D:2      | Reached skill level 1 in Invocations
  1337 | D:2      | Reached XP level 5. HP: 36/45 MP: 3/5
  1498 | D:2      | Found an opulent altar of Gozag.
  1498 | D:2      | Found a glowing silver altar of Zin.
  1750 | D:3      | Found a glowing drain.
  1760 | Sewer    | Entered a sewer
  2037 | Sewer    | Reached XP level 6. HP: 51/52 MP: 6/6
  2183 | Sewer    | Reached skill level 5 in Axes
  2209 | Sewer    | Reached * piety under Okawaru
  2652 | D:3      | Reached XP level 7. HP: 37/60 MP: 8/8
  3366 | D:4      | Found a staircase to the Ecumenical Temple.
  3628 | D:4      | You fall into a shaft and drop 2 floors!
  3637 | D:6      | Reached skill level 6 in Axes
  3645 | D:6      | Reached skill level 5 in Fighting
  3858 | D:6      | Found Vaasch's General Store.
  4038 | D:5      | Entered Level 5 of the Dungeon
  4080 | D:5      | Reached XP level 8. HP: 68/68 MP: 10/10
  4109 | D:4      | Noticed Eustachio
  4130 | D:4      | Killed Eustachio
  4130 | D:4      | Reached ** piety under Okawaru
  4143 | D:4      | Noticed Blork the orc
  4160 | D:4      | Killed Blork the orc
  4161 | D:4      | Reached skill level 7 in Axes
  4498 | D:4      | Noticed Sigmund
  4519 | D:4      | Killed Sigmund
  4738 | D:5      | Found a shimmering altar of Xom.
  4753 | D:5      | Reached skill level 5 in Invocations
  5504 | D:6      | Found a sparkling altar of Nemelex Xobeh.
  5509 | D:6      | Noticed Maggie
  5518 | D:6      | Reached XP level 9. HP: 46/78 MP: 9/12
  5536 | D:6      | Killed Maggie
  5536 | D:6      | Reached *** piety under Okawaru
  5537 | D:6      | Reached skill level 8 in Axes
  5798 | D:6      | Noticed Pikel
  5808 | D:6      | Killed Pikel
  6115 | D:6      | Reached skill level 9 in Axes
  6515 | D:7      | Reached **** piety under Okawaru
  6525 | D:6      | Received a gift from Okawaru
  6699 | D:7      | Demolished by an orc warrior

Illustrated notes

Levels and vault maps discovered:
D:1:      minmay_arrival_shattered_statue, layout_basic
D:2:      layout_basic, grunt_temple_overflow_gold_and_silver,
          okawaru_metal_pillars_3
D:3:      layout_basic, portal_sewer_entry_a, kennysheep_pointless_box,
          minmay_close_crescents
D:4:      layout_gridville, minmay_temple_entry_slanted, uniq_blork_the_orc,
          uniq_sigmund, uniq_eustachio
D:5:      layout_cave_pools, xom_butterflies, chequers_hall_statues_y
D:6:      layout_loops_ring, nemelex_xobeh_ov_fountains_minmay, serial_shops,
          shop, uniq_pikel, uniq_crazy_yiuf_cottage, uniq_maggie
D:7:      layout_loops_cross, grunt_temple_overflow_forces_of_nature,
          marbit_many_paths

Skill      XL: |  1  2  3  4  5  6  7  8  9 |
---------------+----------------------------+-----
Axes           | 3 4 5 6 7 9 |  9.2
Fighting       | 3 4 5 6 7 |  7.6
Invocations    | 1 2 3 4 5 6 |  6.9
Throwing       | |  1.7
Dodging        | |  2.6

Action                   |  1- 3 |  4- 6 |  7- 9 || total
-------------------------+-------+-------+-------++-------
Melee: War axe           |    92 |   259 |   327 ||   678
       Punch             |       |       |     3 ||     3
Throw: Throwing net      |       |       |     1 ||     1
Invok: Heroism           |       |     1 |     8 ||     9
Evoke: Wand              |       |       |     1 ||     1
  Use: Scroll            |       |       |     6 ||     6
       Potion            |       |       |     2 ||     2
Armor: Leather armour    |    36 |       |       ||    36
       Scale mail        |       |   129 |    65 ||   194
       Plate armour      |       |       |    75 ||    75
Dodge: Dodged            |    78 |   179 |   143 ||   400
